 Dungeon Crawl Stone Soup version 0.12.3 (webtiles) character file.

200 ShockStorm the Vexing (level 5, -1/37 HPs)
             Began as a Merfolk Arcane Marksman on Oct 5, 2018.
             Slain by a worm (6 damage)
             ... on Level 4 of the Dungeon.
             The game lasted 01:07:41 (2497 turns).

ShockStorm the Vexing (Merfolk Arcane Marksman)     Turns: 2497, Time: 01:07:41

HP  -1/37        AC  4     Str 12      XL: 5   Next:  3%
MP   7/7         EV 13     Int 12      God:
Gold 81          SH  0     Dex 16      Spells:  1 memorised,  7 levels left

Res.Fire  : . . .   See Invis. : .   e - +0,+1 orc dagger (curse)
Res.Cold  : . . .   Warding    : .   F - +2 animal skin
Life Prot.: . . .   Conserve   : .   (no shield)
Res.Poison: .       Res.Corr.  : .   (no helmet)
Res.Elec. : .       Clarity    : .   (no cloak)
Sust.Abil.: . .     Spirit.Shd : .   (no gloves)
Res.Mut.  : .       Stasis     : .   (no boots)
Res.Rott. : .       Ctrl.Telep.: .   (no amulet)
Saprovore : . . .   Flight     : .   (no ring)
                                     u - +2 ring of dexterity

@: slightly resistant to hostile enchantments, fairly stealthy
A: change form in water, swift swim
a: no special abilities


You were on level 4 of the Dungeon.
You were not hungry.

You visited 1 branch of the dungeon, and saw 5 of its levels.

You collected 31 gold pieces.

Inventory:

Hand weapons
 a - a +1,+0 elven dagger
 b - a +0,+0 crossbow
 c - a +0,+3 spear {!q}
 d - a +1,+1 dwarven hand axe
 e - a cursed +0,+1 orcish dagger (weapon)
 f - a +0,+0 short sword
 g - a -1,+1 orcish dagger
 h - a +2,+2 short sword
 i - a +4,+1 elven short sword of freezing
 j - a +2,+1 vampiric short sword
 k - a +0,+0 dagger
 l - a +1,+2 mace
 m - a -1,+0 orcish flail
 n - a -1,+0 orcish mace
 q - a +0,+0 whip
 M - a -1,+0 orcish hammer
 Q - a -1,+1 orcish mace
Missiles
 o - 52 arrows
 z - 17 darts (quivered)
 C - 7 poisoned needles
 T - 3 bolts
Armour
 r - a +0 orcish ring mail
 x - a +0 leather armour
 F - a +2 animal skin (worn)
 I - a +0 orcish ring mail
 J - a +0 ring mail
 P - a +0 robe
Comestibles
 t - an apple
 A - 4 bread rations
 E - an orange
 G - 2 meat rations
 V - a rotting chunk of worm flesh
Scrolls
 s - a scroll of teleportation
 D - a scroll of remove curse
Jewellery
 u - a +2 ring of dexterity (left hand)
Potions
 p - a potion of curing
 v - a potion of brilliance {unknown}
 R - a potion of resistance {unknown}
 U - a potion of might {unknown}
Books
 y - a book of Debilitation

   Spells                             Type                      Level
   *Corona                            Hexes                        1
   Slow                               Hexes                        2
   Inner Flame                        Hexes/Fire                   3
   Enslavement                        Hexes                        4
   Cause Fear                         Hexes                        4
   Leda's Liquefaction                Hexes/Earth                  4
 B - a book of Wizardry

   Spells                             Type                      Level
   Summon Elemental                   Summoning                    4
   Agony                              Necromancy                   5
   Lightning Bolt                     Conjuration/Air              5
   Fireball                           Conjuration/Fire             5
   Haste                              Charms                       6
   Invisibility                       Hexes                        6


   Skills:
 - Level 1.1 Fighting
 + Level 0.5 Short Blades
 - Level 1.5 Crossbows
 + Level 0.8 Throwing
 + Level 0.1 Armour
 - Level 2.6 Dodging
 * Level 2.7 Stealth
 * Level 3.0 Stabbing
 * Level 1.6 Traps
 - Level 2.0 Spellcasting
 - Level 3.0 Hexes


You had 7 spell levels left.
You knew the following spells:

 Your Spells              Type           Power        Failure   Level  Hunger
a - Corona                Hex            ##......     10%         1    ##.....


Dungeon Overview and Level Annotations

Branches:
Dungeon (5/27)
 Temple: D:4-7

Altars:
Ashenzari

Shops:
D:4: /

Annotations
D:5 Grinder


Message History

You hit the worm but do no damage.
The worm is lightly wounded.
You barely miss the worm.
The worm is lightly wounded.
The worm barely misses you.
You barely miss the worm.
The worm is lightly wounded.
You hit the worm but do no damage.
The worm is lightly wounded.
The worm bites you!
You hit the worm.
The worm is lightly wounded.
You hit the worm but do no damage.
The worm is lightly wounded.
The worm bites you!
* * * LOW HITPOINT WARNING * * *
You hit the worm.
The worm is lightly wounded.
The worm bites you.
You die...

###.# #.# .####
.#.########w####### #.####
.)..........%.o.... ...... #.#
#.# #.#### #.# #># #. #.# #.# #.
#.# #.# # #.
###.########.###########.###.####
............<.rw@................
.##.########.###########.###.####
.##.# #.# .5.. ... .##.# #.#
..... .. .##.# #.# ......## ##
###.# #.### ###### #.# #...# #.#
#...# #.########...#


You could see a worm and a quokka.

Vanquished Creatures
  A worker ant (D:4)
  An adder (D:2)
  2 worms
  4 orcs (D:3)
  11 bats
  10 hobgoblins
  6 kobolds
  3 quokkas
  3 giant cockroaches
  7 giant newts
  7 goblins
  9 rats
64 creatures vanquished.

Notes
Turn   | Place    | Note
--------------------------------------------------------------
     0 | D:1      | ShockStorm, the Merfolk Arcane Marksman, began the quest for the Orb.
     0 | D:1      | Reached XP level 1. HP: 15/15 MP: 1/1
   158 | D:1      | Reached skill level 1 in Stabbing
   175 | D:1      | Reached XP level 2. HP: 21/21 MP: 3/3
   296 | D:1      | Reached skill level 1 in Stealth
   361 | D:1      | Reached skill level 1 in Traps
   621 | D:2      | Reached XP level 3. HP: 26/26 MP: 4/4
  1213 | D:2      | Found a shattered altar of Ashenzari.
  1406 | D:2      | Reached XP level 4. HP: 32/32 MP: 6/6
  2247 | D:4      | Found Phemiqai's Magical Wand Shop.
  2434 | D:4      | Reached XP level 5. HP: 17/37 MP: 7/7
  2461 | D:5      | Entered Level 5 of the Dungeon
  2461 | D:5      | Noticed Grinder
  2497 | D:4      | Slain by a worm

Action                   |  1- 3 |  4- 6 || total
-------------------------+-------+-------++-------
Melee: Dagger            |       |    79 ||    79
       Spear             |       |    13 ||    13
 Fire: Crossbow          |    86 |    33 ||   119
Throw: Dart              |       |     8 ||     8
       Dagger            |       |     2 ||     2
       Spear             |       |     2 ||     2
       Hand axe          |       |     1 ||     1
  Use: Scroll            |     9 |     4 ||    13
       Potion            |       |     2 ||     2
